 Dungeon Crawl Stone Soup version 0.31.0-12-g77e489cdc1 (webtiles) character file.

Game seed: 4619678447531948542

33804 hawla the Tortoise (level 13, -23/113 HPs)
             Began as a Minotaur Fighter on Feb 13, 2024.
             Was an Elder of Makhleb.
             Killed from afar by Azrael (44 damage)
             ... with a bolt of fire
             ... on level 12 of the Dungeon.
             The game lasted 01:00:35 (15327 turns).

hawla the Tortoise (Minotaur Fighter)              Turns: 15327, Time: 01:00:35

Health: -23/113    AC: 19    Str: 27    XL:     13   Next: 38%
Magic:  21/21      EV: 10    Int:  5    God:    Makhleb [****..]
Gold:   263        SH:  0    Dex: 11    Spells: 12/12 levels left

rFire   . . .        d - +6 arbalest of the Lesser Evil {penet, +Blink}
rCold   . . .        (shield currently unavailable)
rNeg    . . .        j - +0 plate armour
rPois   .            (helmet restricted)
rElec   .            (no cloak)
rCorr   .            (no gloves)
SInv    .            e - +0 pair of boots
Will    +....        B - amulet of regeneration Stlth
                     H - ring "Lechamm" {Will+ MP+9 Str+2 Stlth+}
HPRegen 1.18/turn    (no ring)
MPRegen 0.17/turn

%: no passive effects
@: studying 2 skills
A: horns 2, retaliatory headbutt
a: Renounce Religion, Evoke Blink, Minor Destruction, Lesser Servant of Makhleb,
Major Destruction


You were on level 12 of the Dungeon.
You worshipped Makhleb.
Makhleb was greatly pleased with you.
You visited 2 branches of the dungeon, and saw 16 of its levels.
You also visited: Bailey.

You collected 1154 gold pieces.
You spent 891 gold pieces at shops.

Inventory:

Hand Weapons
 a - a +4 war axe of chaos
 d - the +6 arbalest of the Lesser Evil (weapon) {penet, +Blink}
   (You found it in a bailey)

   +Blink:    It lets you blink.
 h - a +0 battleaxe
 l - a +4 scimitar of flaming
 z - the +1 trident of Tixee {freeze, rC+ Will+ Str+2}
   (You took it off a spriggan on level 9 of the Dungeon)

   Str+2:     It affects your strength (+2).
   rC+:       It protects you from cold.
   Will+:     It increases your willpower.
Missiles
 n - 16 poisoned darts
 G - 3 throwing nets
Armour
 c - a +1 buckler
 e - a +0 pair of boots (worn)
 j - a +0 plate armour (worn)
Jewellery
 i - a ring of ice
 B - an amulet of regeneration (around neck)
 H - the ring "Lechamm" (left hand) {Will+ MP+9 Str+2 Stlth+}
   (You took it off an orc on level 9 of the Dungeon)

   [ring of willpower]

   Str+2:     It affects your strength (+2).
   Will+:     It increases your willpower.
   MP+9:      It affects your magic capacity (+9).
   Stlth+:    It makes you more stealthy.
Wands
 q - a wand of roots (9)
 r - a wand of charming (6)
 s - a wand of flame (80)
 u - a wand of digging (1)
 w - a wand of mindburst (3)
Scrolls
 b - 5 scrolls of teleportation
 f - 4 scrolls of fear
 g - 3 scrolls of vulnerability
 m - 2 scrolls of poison
 v - a scroll of revelation
 x - 2 scrolls of noise
 K - 3 scrolls of identify
Potions
 k - 7 potions of brilliance
 o - a potion of degeneration
 p - 5 potions of haste
 t - 2 potions of enlightenment
 A - 2 potions of attraction {unknown}
 C - a potion of curing
 D - a potion of invisibility
 E - 3 potions of lignification
 F - 3 potions of resistance {unknown}
 I - 2 potions of cancellation {unknown}
Miscellaneous
 J - a lightning rod (4/4)


   Skills:
 - Level 10.0 Fighting
 - Level 16.0 Axes
 - Level 9.0 Ranged Weapons
 - Level 6.0 Throwing
 - Level 18.0 Armour
 - Level 5.0 Dodging
 - Level 5.0 Shields
 + Level 0.2 Invocations
 - Level 3.0 Evocations


You had 12 spell levels left.
You didn't know any spells.
Your spell library was empty.

Dungeon Overview and Level Annotations

Branches:
Dungeon (15/15)            Temple (1/1) D:7            Lair (0/5) D:11
    Orc (0/2) D:10         Depths (0/4) D:15         Bailey (visited)
 Vaults: D:13-14

Altars:
Ashenzari
Cheibriados
Dithmenos
Elyvilon
Fedhas
Gozag
Hepliaklqana
Kikubaaqudgha
Makhleb
Nemelex Xobeh
Okawaru
Qazlal
Ru
Sif Muna
Trog
Uskayaw
Vehumet
Wu Jian
Xom
Yredelemnul
Zin
The Shining One
Ignis

Shops:
D:10 *   D:13 *

Annotations:
D:5 dig the loot
D:12 Azrael
D:14 Louise


Innate Abilities, Weirdness & Mutations

You have a pair of horns on your head.
You reflexively headbutt those who attack you in melee.


Message History

Okay, then.
Fire: d) +6 arbalest of the Lesser Evil {penet, +Blink}
Press: ? - help, Q - select action, (/) - cycle Shift-Dir - straight line, f/p - Azrael
Aim: Azrael, wielding a +1 scimitar of flaming (moderately wounded, fleeing, 83% to hit)
You shoot a bolt. The bolt pierces through Azrael.
Your attack snaps Azrael out of his fear.
Azrael is moderately wounded.
Azrael gestures at you.
The sphere of damnation explodes!
The damnation engulfs you!!!
* * * LOW HITPOINT WARNING * * *
Unknown command.
As you read the scroll of butterflies, it crumbles to dust.
You hear the flapping of tiny wings.
Azrael gestures at you. The bolt of fire hits your butterfly!!
Your butterfly dies!
Your butterfly disappears in a burst of colours!
The bolt of fire hits your butterfly!!
Your butterfly dies!
Your butterfly disappears in a burst of colours!
The bolt of fire misses your butterfly. The bolt of fire hits you!
* * * LOW HITPOINT WARNING * * *
The bolt of fire hits your butterfly!!
Your butterfly dies!
Your butterfly disappears in a burst of colours!
The bolt of fire hits your butterfly!!
Your butterfly dies!
Your butterfly disappears in a burst of colours!
Your butterfly is engulfed in blazing flames.
Your butterfly dies!
Your butterfly disappears in a burst of colours!
Azrael gestures at you. The bolt of fire hits your butterfly!!
Your butterfly dies!
Your butterfly disappears in a burst of colours!
The bolt of fire hits your butterfly!!
Your butterfly dies!
Your butterfly disappears in a burst of colours!
The bolt of fire hits you!!!
You die...

#........#
.........#
....b..○.#
.).bb..R.#
....bbb°.#
....bb...#
..bbbbb..#
..b.bbb..#
..bb.bb@##
.....bbbb## #
.....b##b.##
###########
....##
##..###..........
####
##.......#######
##.#########.##
#..#####......#
#.###.........#
##.#...........##


You could see Azrael (ally target).

Vanquished Creatures
  Kirke (D:12)
  4 centaur warriors
  The ghost of Curundu the Cleaver, a novice MiBe of Trog (D:8)
  A boulder beetle (D:11)
  2 two-headed ogres
  A sphinx skeleton (D:15)
  The ghost of Biggs the Cleaver, a novice HOFi of Okawaru (D:7)
  A storm dragon skeleton (D:15)
  An orc knight (Bailey)
  Pikel (D:7)
  A deep elf pyromancer (D:13)
  Maurice (D:7)
  3 manticores
  6 cyclopes
  A cane toad (shapeshifter) (D:11)
  2 efreet
  Jeremiah (D:7)
  A spectral unseen horror (D:7)
  Maggie (D:8)
  An unseen horror skeleton (D:7)
  A merfolk (D:9)
  A polar bear (D:9)
  7 trolls
  A hornet (D:9)
  A spriggan zombie (D:15)
  A wraith (D:13)
  3 slime creatures (D:13)
  2 spriggans (D:9)
  6 hogs (D:12)
  5 wyverns
  33 yaks
  The ghost of peterlawrence the Covered, an amateur MiFi (D:4)
  2 basilisks (D:11)
  12 fire elementals
  An unseen horror simulacrum (D:7)
  3 vampire mosquitoes (D:10)
  A steam dragon (D:9)
  3 acid dragons
  5 water moccasins
  12 orc warriors
  7 black bears
  An ogre (D:5)
  3 sky beasts
  A wolf (D:11)
  24 centaurs
  2 lemures (D:7)
  A phantom (D:5)
  3 kobold brigands
  4 bullfrogs
  3 gnoll sergeants
  6 scorpions
  8 wights
  A hornet simulacrum (D:13)
  8 killer bees (D:8)
  7 howler monkeys
  3 electric eels (D:10)
  3 hounds
  2 jellies
  7 orc priests
  A sleepcap (D:4)
  2 gnoll boudas
  Ijyb (D:4)
  2 iguanas
  12 orc wizards
  A howler monkey zombie (D:7)
  24 gnolls
  13 adders
  A white imp (D:6)
  5 ribbon worms
  A dart slug (D:1)
  45 orcs
  3 ball pythons
  7 bats
  9 endoplasms
  2 giant cockroaches
  12 goblins
  11 hobgoblins
  12 jackals
  3 quokkas
  3 frilled lizards
  12 kobolds
  11 rats
420 creatures vanquished.

Vanquished Creatures (others)
  A yak (D:9)
  A dart slug (D:3)
  A ribbon worm (D:3)
  A jackal (D:3)
  A ball python (D:3)
  57 foxfires
62 creatures vanquished.

Grand Total: 482 creatures vanquished

Notes
Turn   | Place    | Note
-------+----------+-------------------------------------------
     0 | D:1      | hawla the Minotaur Fighter began the quest for the Orb.
     0 | D:1      | Reached XP level 1. HP: 19/19 MP: 0/0
    90 | D:1      | Reached skill level 1 in Dodging
   237 | D:1      | Reached XP level 2. HP: 26/26 MP: 1/1
   371 | D:1      | Reached XP level 3. HP: 27/31 MP: 2/2
   884 | D:2      | Reached skill level 4 in Armour
   886 | D:2      | Reached XP level 4. HP: 32/40 MP: 3/3
  1004 | D:2      | Found a faded altar of an unknown god.
  1568 | D:2      | Prayed at the altar of an unknown god.
  1568 | D:2      | Became a worshipper of Ignis, the Dying Flame
  1677 | D:3      | Noticed a kobold brigand
  1684 | D:3      | Killed a kobold brigand
  1685 | D:3      | Reached XP level 5. HP: 30/47 MP: 4/4
  1758 | D:3      | Found a shimmering altar of Xom.
  1836 | D:3      | Reached skill level 5 in Fighting
  1962 | D:3      | Reached skill level 5 in Armour
  2070 | D:3      | Reached skill level 5 in Shields
  2359 | D:4      | Found a runed translucent gate.
  2359 | D:4      | Found a runed translucent gate.
  2363 | D:4      | Found an opulent altar of Gozag.
  2367 | D:4      | Found a runed translucent gate.
  2369 | D:4      | Noticed peterlawrence's ghost (amateur MiFi)
  2369 | D:4      | Noticed a sky beast
  2494 | D:4      | Reached XP level 6. HP: 56/56 MP: 5/5
  2571 | D:4      | Noticed Ijyb
  2587 | D:4      | Killed Ijyb
  2935 | D:4      | Reached skill level 5 in Axes
  3390 | D:4      | Reached XP level 7. HP: 41/61 MP: 6/6
  3939 | D:4      | Killed peterlawrence's ghost
  4028 | D:5      | Entered Level 5 of the Dungeon
  4046 | D:5      | Reached skill level 6 in Armour
  4164 | D:5      | Reached XP level 8. HP: 68/68 MP: 7/7
  4258 | D:5      | Reached skill level 7 in Armour
  4314 | D:5      | Found a burning altar of Makhleb.
  4453 | D:5      | Reached skill level 5 in Dodging
  4453 | D:5      | Reached skill level 1 in Throwing
  5277 | D:6      | Reached XP level 9. HP: 54/75 MP: 8/8
  5931 | D:7      | Reached skill level 5 in Throwing
  5949 | D:7      | Found a flagged portal.
  5967 | D:7      | Noticed Maurice
  6007 | Bailey   | Entered a bailey
  6265 | Bailey   | HP: 2/75 [orc warrior (5)]
  6268 | Bailey   | Reached skill level 8 in Armour
  6610 | Bailey   | Reached skill level 9 in Armour
  6816 | Bailey   | Identified the +6 arbalest of the Lesser Evil {penet,
                  | +Blink}
  6817 | Bailey   | Noticed an orc knight
  6837 | Bailey   | Killed an orc knight
  6838 | Bailey   | Reached skill level 10 in Armour
  7149 | D:8      | Reached XP level 10. HP: 19/83 MP: 9/9
  7157 | D:8      | HP: 4/83 [poisoned by a killer bee]
  7422 | D:7      | Reached skill level 11 in Armour
  7438 | D:8      | HP: 4/82 [poisoned by a water moccasin]
  7697 | D:7      | Found a staircase to the Ecumenical Temple.
  7888 | D:7      | Found a runed translucent gate.
  7888 | D:7      | Found a runed translucent gate.
  7889 | D:7      | Found a runed translucent gate.
  7930 | D:7      | Noticed Pikel
  7939 | D:7      | Killed Pikel
  7940 | D:7      | Reached skill level 12 in Armour
  8007 | D:7      | Noticed Jeremiah
  8021 | D:7      | Killed Jeremiah
  8417 | D:7      | Noticed Biggs's ghost (novice HOFi)
  8508 | D:8      | Reached skill level 13 in Armour
  8692 | D:7      | Maurice stole the +6 arbalest of the Lesser Evil {penet,
                  | +Blink}
  8727 | D:7      | Killed Maurice
  8798 | D:7      | Reached skill level 14 in Armour
  8805 | D:7      | Killed Biggs's ghost
  8890 | D:8      | Identified a scroll of acquirement
  8890 | D:8      | Acquired a manual of Armour
  8985 | D:8      | Identified the +6 scale mail "Dadotof" {+Inv rPois rN+
                  | Dex-5}
  9124 | D:8      | Noticed Maggie
  9135 | D:8      | Killed Maggie
  9136 | D:8      | Reached XP level 11. HP: 71/89 MP: 10/10
  9159 | D:8      | Reached skill level 10 in Axes
  9220 | D:8      | Found a broken altar of Ashenzari.
  9290 | D:8      | Noticed an entropy weaver
  9606 | Temple   | Entered the Ecumenical Temple
  9763 | D:5      | Fell from the grace of Ignis
  9763 | D:5      | Became a worshipper of Makhleb the Destroyer
  9942 | D:9      | Identified the ring "Lechamm" {Will+ MP+9 Str+2 Stlth+}
 10017 | D:9      | HP: 3/89 [merfolk/+0 trident (17)]
 10034 | D:9      | You fall into a shaft and drop 2 floors!
 10155 | D:11     | You fall into a shaft and drop 3 floors!
 10170 | D:14     | Reached * piety under Makhleb
 10171 | D:14     | Noticed Louise
 10185 | D:14     | Noticed a centaur warrior
 10194 | D:14     | Killed a centaur warrior
 10311 | D:14     | Found a radiant altar of Vehumet.
 10370 | D:13     | Noticed a centaur warrior
 10380 | D:13     | Killed a centaur warrior
 10584 | D:13     | Noticed a centaur warrior
 10593 | D:13     | Killed a centaur warrior
 10705 | D:12     | Noticed Kirke
 10877 | D:12     | You fall into a shaft and drop 1 floor!
 10920 | D:12     | Noticed Azrael
 10920 | D:12     | You fall into a shaft and drop 1 floor!
 10966 | D:11     | You fall into a shaft and drop 1 floor!
 10966 | D:12     | Found a bloodstained altar of Trog.
 10995 | D:10     | Entered Level 10 of the Dungeon
 11009 | D:9      | Reached skill level 15 in Axes
 11041 | D:9      | Reached XP level 12. HP: 91/96 MP: 11/11
 11247 | D:9      | Reached ** piety under Makhleb
 11300 | D:9      | Found a glowing silver altar of Zin.
 11445 | D:9      | Found a runed translucent door.
 11446 | D:9      | Noticed Curundu's ghost (novice MiBe)
 11446 | D:9      | Identified the +1 trident of Tixee {freeze, rC+ Will+
                  | Str+2}
 11729 | D:8      | Killed Curundu's ghost
 12063 | D:10     | Found Lusalol's Elemental Accessories.
 12115 | D:10     | Bought a lightning rod (4/4) for 480 gold pieces
 12115 | D:10     | Bought a wand of flame (15) for 126 gold pieces
 12218 | D:10     | Found a staircase to the Orcish Mines.
 12237 | D:10     | Found a hazy altar of Hepliaklqana.
 12343 | D:10     | Reached skill level 15 in Armour
 12509 | D:10     | Noticed a two-headed ogre
 12514 | D:10     | Killed a two-headed ogre
 12515 | D:10     | Reached skill level 10 in Fighting
 12678 | D:10     | Reached skill level 16 in Armour
 13440 | D:11     | Reached skill level 17 in Armour
 13446 | D:11     | Found a staircase to the Lair.
 13540 | D:11     | Noticed a boulder beetle
 13550 | D:11     | Killed a boulder beetle
 13702 | D:11     | Reached skill level 18 in Armour
 13737 | D:11     | Reached skill level 1 in Ranged Weapons
 13777 | D:11     | Reached *** piety under Makhleb
 14264 | D:12     | Killed Kirke
 14265 | D:12     | Reached XP level 13. HP: 82/113 MP: 12/12
 14277 | D:12     | You fall into a shaft and drop 3 floors!
 14277 | D:15     | Entered Level 15 of the Dungeon
 14277 | D:15     | Was forgiven by Ignis
 14371 | D:15     | Reached skill level 5 in Ranged Weapons
 14427 | D:15     | Found a staircase to the Depths.
 14851 | D:13     | Found Joujevef's General Store.
 14856 | D:13     | Bought a scroll of brand weapon for 123 gold pieces
 14856 | D:13     | Bought a scroll of teleportation for 39 gold pieces
 14856 | D:13     | Bought a scroll of fear for 52 gold pieces
 14856 | D:13     | Bought a wand of flame (5) for 45 gold pieces
 14856 | D:13     | Bought a scroll of identify for 26 gold pieces
 15107 | D:12     | Reached **** piety under Makhleb
 15327 | D:12     | Killed from afar by Azrael

Illustrated notes

Levels and vault maps discovered:
D:1:      dpeg_arrival_connections, layout_basic
D:2:      layout_basic, shapermc_ecumenical_altar_mp_vishouse
D:3:      layout_loops_ring, xom_confusion_cloud
D:4:      layout_basic, ebering_ghost_gozag, serial_co_window_serial,
          co_window_of_opportunity_a, co_window_paths_b, co_window_corner_a,
          co_window_cross_1, co_window_paths_a, co_window_paths_a,
          co_window_corner_a, co_window_cross_1, co_window_paths_a,
          co_window_corner_b, co_window_broadway_b, co_window_paths_c,
          co_window_paths_d, kennysheep_generic_room_11, uniq_ijyb
D:5:      layout_cave_pools, mainiacjoe_overflow_tiny_flanked,
          due_unseen_surprise
D:6:      layout_gridville, feat_on_display
D:7:      layout_rooms, minmay_temple_entry_sparse_star, enter_bailey_4,
          gammafunk_ghost_necromancy, grunt_decor_one_mirror, uniq_pikel,
          uniq_jeremiah, uniq_maurice
D:8:      layout_basic, ashenzari_conservatory_becter, uniq_maggie
D:9:      layout_long_grid, ebering_ghost_funeral_grove, roadster_trireme
D:10:     layout_roguey, nicolae_hepliaklqana_hazy_memory, orc_0_dummy,
          serial_bayou, serial_bayou_crossing, serial_bayou_pond_e,
          serial_bayou_lagoon_a, serial_bayou_pond_b, serial_bayou_pond_e,
          nicolae_elemental_shop, kennysheep_generic_room_7
D:11:     layout_roguey, minmay_lair_entry_grove, serial_curves, eino_curves_02,
          eino_curves_01
D:12:     layout_cave_pods, trog_three_pillars_becter, uniq_azrael, uniq_kirke
D:13:     layout_roguey, serial_shops, kennysheep_little_box
D:14:     layout_rooms, hellmonk_vaults_attempted_burglary,
          grunt_decor_mini_mirrors, vehumet_altar_wand_db, uniq_louise
D:15:     gammafunk_depths_entry_grave, layout_irregular_city,
          minmay_misc_feat_encased
Temple:   nicolae_temple_bog_church

Skill      XL: |  1  2  3  4  5  6  7  8  9 10 11 12 13 |
---------------+----------------------------------------+-----
Dodging        | 1 3 5 |  5.0
Fighting       | 4 5 6 10 | 10.0
Armour         | 4 5 6 7 10 14 18 | 18.0
Shields        | 4 5 |  5.0
Axes           | 3 6 8 9 15 16 | 16.0
Evocations     | 3 |  3.0
Throwing       | 3 6 |  6.0
Ranged Weapons | 4 9 |  9.0
Invocations    | |  0.2

Action                     |  1- 3 |  4- 6 |  7- 9 | 10-12 | 13-15 || total
---------------------------+-------+-------+-------+-------+-------++-------
  Melee: War axe           |    61 |   143 |   203 |   582 |    91 ||  1080
         Headbutt          |     7 |    14 |    50 |   140 |    29 ||   240
         Spear             |       |       |    29 |       |       ||    29
         Punch             |       |       |       |     3 |     1 ||     4
         Trident           |       |       |       |    11 |    19 ||    30
   Fire: Arbalest          |       |       |       |    36 |     7 ||    43
  Throw: Dart              |       |       |     6 |    29 |     2 ||    37
         Throwing net      |       |       |       |     1 |       ||     1
 Invoke: Foxfire Swarm     |       |       |     6 |       |       ||     6
         Fiery Armour      |       |       |     4 |       |       ||     4
         Rising Flame      |       |       |       |     1 |       ||     1
         Minor Destruction |       |       |       |       |     1 ||     1
  Evoke: Wand              |       |       |     4 |    17 |     1 ||    22
    Use: Scroll            |     4 |     3 |     8 |    13 |     9 ||    37
         Potion            |       |       |    16 |     4 |     1 ||    21
 Armour: Scale mail        |    45 |    63 |       |       |       ||   108
         Chain mail        |       |    38 |   199 |       |       ||   237
         Plate armour      |       |       |   105 |   783 |   123 ||  1011
         Skin              |       |       |       |     8 |       ||     8
  Dodge: Dodged            |    37 |    79 |   151 |   345 |    38 ||   650
  Block: Buckler           |    12 |    44 |    91 |   116 |       ||   263
